AoeStats
← RedPhosphoru

Arabian Desert

510028643Analyzed
1v1 RM · 3d ago on Sep 29, 2026· 30m 46s· 2 players
Game mode
Random Map
Map size
Tiny (2 player)
Population
200
Speed
Normal
Resources
Standard
Victory
Conquest
Starting age
Dark Age
Ending age
Imperial Age
RankedLock teamsTeams togetherTeam positionsShared explorationLock speedFull tech treeHidden civsTurbo modeCheats
Victory
Defeat
🇺🇸 Danes · United States
2346
+19
🇨🇦 Khitans · Canada
2410
-19
RedPhosphoru
5:03 Loom
14:01 Feudal Age
14:33 Double-Bit Axe
20:37 Castle Age
19:44 Scale Mail Armor
21:44 Chain Mail Armor
28:45 Squires
Survivalist
6:13 Loom
9:40 Feudal Age
10:32 Town Watch
16:31 Forging
21:53 Castle Age
20:39 Double-Bit Axe
22:52 Light Cavalry
27:31 Domestication
Connection lost

Rejoining the realm…

Still unreachable

The connection could not be restored.

Session expired

The server has moved on; the page needs a fresh start.